 Dungeon Crawl Stone Soup version 0.31-a0-818-ge7c7cf74f0 (webtiles) character file.

Game seed: 1317645980017122687

206 Kurtz the Chopper (level 5, -3/36 HPs)
             Began as an Octopode Fighter on Sept 23, 2023.
             Was an Initiate of Kikubaaqudgha.
             Slain by an ogre
             ... wielding a +0 giant club
              (24 damage)
             ... on level 5 of the Dungeon.
             The game lasted 00:03:55 (3226 turns).

Kurtz the Chopper (Octopode Fighter)                Turns: 3226, Time: 00:03:55

Health: -3/36      AC:  1    Str: 15    XL:     5   Next: 84%
Magic:  5/5        EV: 13    Int: 10    God:    Kikubaaqudgha [......]
Gold:   88         SH:  5    Dex: 14    Spells: 4/4 levels left

rFire   . . .        o - +2 whip (drain)
rCold   . . .        b - +0 buckler
rNeg    . . .        (helmet restricted)
rPois   .            (no amulet)
rElec   .            (no ring)
rCorr   .            (no ring)
SInv    .            (no ring)
Will    .....        (no ring)
Stlth   ++++         (no ring)
HPRegen 0.26/turn    (no ring)
MPRegen 0.09/turn    (no ring)
                     (no ring)

%: no passive effects
@: no status effects
A: almost no armour, amphibious, 8 rings, camouflage 1, gelatinous body 1,
(nimble swimmer 1), tentacles
a: Renounce Religion


You were on level 5 of the Dungeon.
You worshipped Kikubaaqudgha.
Kikubaaqudgha was noncommittal.
You visited 2 branches of the dungeon, and saw 6 of its levels.

You collected 88 gold pieces.

Inventory:

Hand Weapons
 a - a +0 war axe
 o - a +2 whip of draining (weapon)
 q - a +1 whip of freezing
Missiles
 z - 2 curare-tipped darts
Armour
 b - a +0 buckler (worn)
Talismans
 y - a serpent talisman
Scrolls
 g - a scroll of blinking
 h - a scroll of summoning {unknown}
 i - 5 scrolls of identify
 k - a scroll of enchant weapon {unknown}
 l - a scroll of noise {unknown}
 m - a scroll of torment {unknown}
 r - 2 scrolls of fear {unknown}
 t - a scroll of teleportation {unknown}
 u - a scroll of poison {unknown}
Potions
 c - 2 potions of might
 d - a potion of lignification {unknown}
 f - 2 potions of curing
 j - a potion of magic {unknown}
 n - 2 potions of resistance {unknown}
 p - 2 potions of attraction {unknown}
 s - a potion of mutation {unknown}
 v - a potion of brilliance {unknown}
 w - a potion of cancellation {unknown}
 x - 2 potions of enlightenment {unknown}
 A - a potion of heal wounds {unknown}


   Skills:
 - Level 3.0 Fighting
 * Level 4.7 Axes
 - Level 3.0 Dodging
 * Level 4.6 Stealth
 - Level 3.0 Shields


You had 4 spell levels left.
You didn't know any spells.
Your spell library was empty.

Dungeon Overview and Level Annotations

Branches:
Dungeon (5/15)             Temple (1/1) D:5

Altars:
Ashenzari
Cheibriados
Hepliaklqana
Kikubaaqudgha
Nemelex Xobeh
Qazlal
Ru
Sif Muna
Trog
Uskayaw
Vehumet
Wu Jian
Xom
The Shining One

Annotations:
D:2 1 runed translucent door, Crazy Yiuf


Innate Abilities, Weirdness & Mutations

You cannot wear most types of armour.
You are amphibious.
You can wear up to eight rings at the same time.
Your skin changes colour to match your surroundings (Stealth+).
Your rubbery body absorbs attacks. (AC +1, EV +1)
((You are camouflaged when in or above water. (Stealth+)))
You have tentacles for arms and can constrict up to eight enemies at once.


Message History

You climb upwards.
Welcome back to the Dungeon!
You hear the sound of rushing water.
There is an entrance to a sewer on this level.
Hurry and find it before the portal rusts away!
You hear the rusting of a very distant drain.
There is a staircase to the Ecumenical Temple here.
You enter the deep water.
Found a falchion.
Search for what [Enter for "mak", or ? for help]?
Press: ? - help, v - describe, . - travel The floor.
An ogre comes into view. It is wielding a +0 giant club.
An ogre comes into view. It is wielding a +0 giant club.
The ogre shouts!
The ogre misses you.
You hit the ogre. You drain the ogre.
The ogre is moderately wounded.
You hit the ogre. You drain the ogre.
The ogre is heavily wounded.
The ogre misses you.
You barely miss the ogre. Your squeeze misses the ogre.
The ogre is heavily wounded.
You hit the ogre. You drain the ogre. Your squeeze misses the ogre.
The ogre is severely wounded.
The ogre closely misses you.
You barely miss the ogre.
The ogre is severely wounded.
The ogre misses you.
You hit the ogre. You drain the ogre.
The ogre is almost dead.
You hit the ogre. Your squeeze misses the ogre.
The ogre is almost dead.
The ogre hits you with a +0 giant club!
Unknown command.
You completely miss the ogre. Your squeeze misses the ogre.
The ogre is almost dead.
You barely miss the ogre. The ogre attacks as it pursues you!
The ogre hits you with a +0 giant club!!
Ouch! That really hurt!
You die...
Kikubaaqudgha rasps: "You have failed me!
Welcome... death!"

**,**,,,* *,,,...,,,,,,,,,*
,,,***,** **,*#.#****,***** ****
*,* *,*#.#****,* *,*
*,,...,,,,,* *,*
***#.#***###***#****** *,* #O#
#..,,..,,,,,, ***,* #.#
#.#*#.#**,*#* **,*,* #O#####.#
#.##*,.# **,,,,*
#.@..##.###..###.##
*,,,,,***########...............
**,,,***,...............≈≈≈≈≈...
**,** *,########.....≈≈≈≈≈≈≈≈~.
*,* *,* #...≈≈≈≈≈≈≈≈~~≈≈ *,* *,*
#..≈≈≈≈≈≈...~≈≈≈ *,* *,*
#..≈≈≈≈≈≈.>.≈≈≈≈ *,****,*
#..≈≈≈≈≈≈...≈≈≈≈ *,*,,,,*####
#).≈≈≈≈≈≈≈≈≈≈≈≈≈


You could see 2 ogres.

Vanquished Creatures
  An iguana (D:4)
  An orc wizard (D:3)
  7 adders
  A white imp (D:4)
  A dart slug (D:1)
  11 orcs
  6 bats
  3 endoplasms
  4 giant cockroaches
  7 goblins
  5 hobgoblins
  4 jackals (D:4)
  4 kobolds
  7 quokkas
  5 ball pythons
  A frilled lizard (D:3)
  A rat (D:1)
69 creatures vanquished.

Notes
Turn   | Place    | Note
-------+----------+-------------------------------------------
     0 | D:1      | Kurtz the Octopode Fighter began the quest for the Orb.
     0 | D:1      | Reached XP level 1. HP: 16/16 MP: 1/1
    46 | D:1      | Reached skill level 1 in Stealth
   211 | D:1      | Reached XP level 2. HP: 21/21 MP: 2/2
   926 | D:2      | Reached XP level 3. HP: 26/26 MP: 3/3
  1009 | D:2      | Found a sparkling altar of Nemelex Xobeh.
  1287 | D:2      | Found a runed translucent door.
  1288 | D:2      | Noticed Crazy Yiuf
  1467 | D:3      | Reached XP level 4. HP: 30/31 MP: 4/4
  2108 | D:4      | Reached XP level 5. HP: 27/36 MP: 5/5
  2779 | D:4      | Identified the +10 flail "Ofatt" {drain, *Rage Fly Dex+7}
  3019 | D:5      | Entered Level 5 of the Dungeon
  3024 | D:5      | Found a shimmering blue altar of Sif Muna.
  3025 | D:5      | Found a stormy altar of Qazlal.
  3027 | D:5      | Found a radiant altar of Vehumet.
  3112 | D:5      | Found a staircase to the Ecumenical Temple.
  3123 | Temple   | Entered the Ecumenical Temple
  3183 | Temple   | Became a worshipper of Kikubaaqudgha
  3215 | D:5      | Noticed an ogre
  3216 | D:5      | Noticed an ogre
  3226 | D:5      | Slain by an ogre

Illustrated notes

Levels and vault maps discovered:
D:1:      dpeg_arrival_simpleton_a, layout_basic, chequers_mini_garden,
          hangedman_decor_points, serial_park_tiny_pond
D:2:      layout_rooms, basic_altar, amcnicky_mini_rare_corridor_liquid,
          minmay_tree_intersection, uniq_crazy_yiuf_cottage
D:3:      layout_basic
D:4:      layout_basic
D:5:      layout_loops_ring, minitemple, temple_pool_b, gup_sewer_entry_bowl
Temple:   minmay_temple_curvy_loop

Skill      XL: |  1  2  3  4  5 |
---------------+----------------+-----
Stealth        | 1 2 3 4 |  4.6
Axes           | 3 4 |  4.7
Fighting       | |  3.0
Dodging        | |  3.0
Shields        | |  3.0

Action                     |  1- 3 |  4- 6 || total
---------------------------+-------+-------++-------
  Melee: War axe           |    38 |    11 ||    49
         Constrict         |    12 |    19 ||    31
         Tentacles         |     6 |    14 ||    20
         Whip              |       |    79 ||    79
         Punch             |       |     1 ||     1
    Use: Potion            |     1 |       ||     1
         Scroll            |       |     3 ||     3
   Stab: Sleeping          |     6 |    11 ||    17
 Armour: Skin              |    15 |    28 ||    43
  Dodge: Dodged            |    19 |    45 ||    64
  Block: Buckler           |     8 |     9 ||    17

Table legend: (Time is in decaauts)
 A = Elapsed time spent in this place.
 B = Non-inter-level travel time spent in this place.
 C = Inter-level travel time spent in this place.
 D = Time resting spent in this place.
 E = Time spent auto-exploring this place.
 F = Levels seen in this place.
 G = Mean time per level.
                   A        B        C        D        E       F      G
               +--------+--------+--------+--------+--------+-----+--------+
         Total |   3245 |   3083 |    162 |     70 |   2446 |   6 |  540.8 |
       Dungeon |   3171 |   3061 |    110 |     70 |   2446 |   5 |  634.2 |
        Temple |     73 |     21 |     52 |      0 |      0 |   1 |   73.0 |
               +--------+--------+--------+--------+--------+-----+--------+

Top non-repeatable levels by time:
     D:4: 950 daAuts
     D:1: 849 daAuts
     D:2: 627 daAuts
     D:3: 609 daAuts
     D:5: 134 daAuts
  Temple: 73 daAuts
